 Dungeon Crawl Stone Soup version 0.31.0-9-g3a7656b989 (webtiles) character file.

Game seed: 15810346348442572125

2830 groovy9 the Skirmisher (level 9, 56/56 HPs)
             Began as a Deep Elf Hunter on Jan 25, 2024.
             Quit the game on level 8 of the Dungeon.
             The game lasted 00:26:42 (7214 turns).

groovy9 the Skirmisher (Deep Elf Hunter)            Turns: 7214, Time: 00:26:43

Health: 56/56      AC:  7    Str:  8    XL:     9   Next: 45%
Magic:  11/11      EV: 12    Int: 15    God:
Gold:   485        SH:  0    Dex: 22    Spells: 8/8 levels left

rFire   . . .        a - +1 shortbow (freeze)
rCold   . . .        (shield currently unavailable)
rNeg    . . .        u - +0 acid dragon scales
rPois   +            (no helmet)
rElec   .            w - +0 cloak
rCorr   +            (no gloves)
SInv    +            (no boots)
Will    .....        m - amulet of the acrobat
Stlth   ++           h - ring of poison resistance
HPRegen 0.29/turn    f - ring of see invisible
MPRegen 0.12/turn

%: acrobat
@: no status effects
A: no striking features
a: no special abilities


You were on level 8 of the Dungeon.
You visited 1 branch of the dungeon, and saw 8 of its levels.
You also visited: Ossuary.

You collected 531 gold pieces.
You spent 46 gold pieces at shops.

Inventory:

Hand Weapons
 a - a +1 shortbow of freezing (weapon)
 B - a +3 hand axe
Armour
 u - +0 acid dragon scales (worn)
 w - a +0 cloak (worn)
Jewellery
 c - a ring of protection from fire
 f - a ring of see invisible (right hand)
 h - a ring of poison resistance (left hand)
 m - an amulet of the acrobat (around neck)
 p - a ring of flight
Wands
 d - a wand of flame (16)
 o - a wand of roots (13)
 y - a wand of digging (5)
Scrolls
 b - a scroll of enchant weapon
 j - a scroll of vulnerability
 k - 2 scrolls of teleportation
 n - 3 scrolls of amnesia
 q - a scroll of fog
 t - a scroll of immolation {unknown}
 x - a scroll of blinking
Potions
 e - 2 potions of attraction
 g - a potion of ambrosia
 i - 2 potions of might
 l - 2 potions of enlightenment
 r - a potion of invisibility
 s - a potion of brilliance
 v - a potion of cancellation
 z - a potion of berserk rage {unknown}
 A - a potion of haste {unknown}


   Skills:
 + Level 6.5 Fighting
 * Level 14.6 Ranged Weapons
 - Level 2.4 Dodging
 - Level 1.2 Stealth


You had 8 spell levels left.
You didn't know any spells.
Your spell library contained the following spells:

 Spells                   Type           Power      Damage    Failure   Level
 Foxfire                  Conj/Fire      0%         2x1d4     43%         1
 Magic Dart               Conj           0%         1d3       43%         1
 Lesser Beckoning         Tloc           0%         N/A       58%         2
 Searing Ray              Conj           0%         2d4       58%         2
 Dazzling Flash           Conj/Hex       0%         N/A       82%         3
 Gell's Gravitas          Tloc           0%         N/A       82%         3
 Mephitic Cloud           Conj/Alch/Air  0%         N/A       82%         3
 Teleport Other           Tloc           0%         N/A       82%         3
 Fulminant Prism          Conj/Alch      0%         3d5       99%         4
 Leda's Liquefaction      Alch/Erth      0%         N/A       99%         4
 Curse of Agony           Necr           0%         N/A       100%        5
 Lee's Rapid Deconstruct  Erth           0%         3d4*      100%        5
 Silence                  Hex/Air        0%         N/A       100%        5
 Bombard                  Conj/Erth      0%         9d1       100%        6
 Plasma Beam              Fire/Air       0%         2x1d10    100%        6
 Starburst                Conj/Fire      0%         6d3       100%        6


Dungeon Overview and Level Annotations

Branches:
Dungeon (8/15)            Ossuary (visited)
 Temple: D:4-7         Lair: D:8-11

Altars:
Fedhas
Makhleb
Vehumet

Shops:
D:2 [:*=

Annotations:
D:8 Joseph


Message History

There is a stone staircase leading up here.
Done exploring.
What level of the Dungeon? (default 6, ? - help)
There is an open door here.
There is an open door here.
There is a stone staircase leading down here.
You climb downwards.
There is a stone staircase leading up here.
Done exploring.
There is a stone staircase leading up here.
You climb upwards.
There is a stone staircase leading down here.
There is an open door here.
There is an open door here.
There is a stone staircase leading up here.
You climb upwards.
There is a stone staircase leading down here.
There is a stone staircase leading up here.
You climb upwards.
There is a stone staircase leading down here.
Done exploring.
What level of the Dungeon? (default 5, ? - help)
You climb downwards.
There is a stone staircase leading up here.
There is a stone staircase leading down here.
You climb downwards.
There is a stone staircase leading up here.
There is an open door here.
There is an open door here.
There is an open door here.
There is an open door here.
There is a stone staircase leading down here.
You climb downwards.
There is a stone staircase leading up here.
There is a stone staircase leading down here.
You climb downwards.
The kobold shouts! x2; Joseph shouts!
There is a stone staircase leading up here.
There are monsters nearby!
Are you sure you want to abandon this character and quit the game? (Confirm with "yes".)

.... .... .....
# ..... #.K
....
##@.#####..
...K.....#.#
K......@...#
.K.............
#########.)###.
.## #


You could see Joseph, a kobold brigand (wandering) and 3 kobolds.

Vanquished Creatures
  An acid dragon (D:6)
  A water moccasin (D:5)
  2 orc warriors
  An ice beast (D:6)
  4 sky beasts
  An ogre (D:5)
  A centaur (D:5)
  A phantom (D:4)
  An elf zombie (Ossuary)
  3 bullfrogs
  3 scorpions
  A burial acolyte (Ossuary)
  3 bombardier beetles
  An electric eel (D:7)
  4 centaur zombies (Ossuary)
  A human zombie (Ossuary)
  3 hounds
  A jelly (D:4)
  2 orc priests (D:7)
  2 sleepcaps (D:6)
  A gnoll bouda (D:6)
  5 iguanas
  4 orc wizards
  2 crocodile zombies (Ossuary)
  A hound zombie (Ossuary)
  4 mummies
  7 gnolls
  13 adders
  A shadow imp (D:6)
  A white imp (D:6)
  2 ufetubi (D:6)
  5 adder zombies (Ossuary)
  A ribbon worm (D:2)
  31 orcs
  7 ball pythons
  3 bats
  8 endoplasms
  A giant cockroach (D:1)
  2 gnoll zombies (Ossuary)
  4 goblins
  2 hobgoblins
  7 jackals (D:1)
  8 kobolds
  3 quokkas
  4 ball python zombies (Ossuary)
  3 frilled lizards
  A hobgoblin zombie (D:5)
  4 jackal zombies (Ossuary)
  6 kobold zombies
  4 orc zombies
  3 rats
185 creatures vanquished.

Notes
Turn   | Place    | Note
-------+----------+-------------------------------------------
     0 | D:1      | groovy9 the Deep Elf Hunter began the quest for the Orb.
     0 | D:1      | Reached XP level 1. HP: 12/12 MP: 3/3
    64 | D:1      | You fall into a shaft and drop 1 floor!
   190 | D:2      | Reached XP level 2. HP: 17/17 MP: 4/4
   432 | D:1      | Reached skill level 6 in Ranged Weapons
   504 | D:1      | Reached XP level 3. HP: 20/21 MP: 5/5
   819 | D:2      | Found Vic Ipne's Antique Armour Shop.
   868 | D:2      | Found Kizisi Saem's Book Emporium.
   990 | D:2      | Found a blossoming altar of Fedhas.
  1046 | D:2      | Found Emneqi Noac's Jewellery Shop.
  1284 | D:2      | Reached XP level 4. HP: 27/27 MP: 6/6
  1298 | D:2      | Found Ruygefra's Assorted Antiques.
  1307 | D:2      | Bought a scroll labelled FOKLYOM COEN for 23 gold pieces
  1307 | D:2      | Bought a scroll labelled IRPHIL WOSEDU for 23 gold pieces
  1489 | D:3      | Reached skill level 7 in Ranged Weapons
  1655 | D:3      | HP: 1/27 [something (1)]
  1965 | D:3      | Reached XP level 5. HP: 31/31 MP: 7/7
  2006 | D:3      | Reached skill level 8 in Ranged Weapons
  2294 | D:4      | Reached XP level 6. HP: 31/37 MP: 8/8
  2395 | D:4      | Reached skill level 9 in Ranged Weapons
  2611 | D:4      | Reached XP level 7. HP: 42/42 MP: 9/9
  2848 | D:4      | Found a burning altar of Makhleb.
  3203 | D:5      | Entered Level 5 of the Dungeon
  3349 | D:5      | Reached skill level 10 in Ranged Weapons
  3666 | D:5      | Reached skill level 11 in Ranged Weapons
  4018 | D:5      | Reached XP level 8. HP: 48/48 MP: 10/10
  4719 | D:6      | Reached skill level 5 in Fighting
  4757 | D:6      | Reached skill level 12 in Ranged Weapons
  5191 | D:6      | Found a radiant altar of Vehumet.
  5561 | D:6      | Reached skill level 13 in Ranged Weapons
  5652 | D:7      | Reached XP level 9. HP: 55/55 MP: 11/11
  5970 | D:7      | Reached skill level 14 in Ranged Weapons
  6073 | D:7      | Found a sand-covered staircase.
  6078 | Ossuary  | Entered an ossuary
  6365 | Ossuary  | HP: 1/84 [crocodile zombie (9)]
  7213 | D:8      | Noticed Joseph
  7214 | D:8      | Quit the game

Illustrated notes

Levels and vault maps discovered:
D:1:      nzn_arrival_depleted_hourglass, layout_rooms, st_stairs_1
D:2:      layout_basic, serial_shops, shop, nicolae_square_shop,
          nicolae_shop_hallway_plus, nicolae_shop_real_fake_doors, basic_altar
D:3:      layout_rooms
D:4:      layout_cave_pods, lemuel_tele_altar
D:5:      layout_cave_pods, minmay_mini_ossuary
D:6:      layout_gridville, vehumet_altar_wand_db
D:7:      cheibrodos_helix_gallery, layout_cave_pools,
          minmay_temple_entry_from_below_a, enter_ossuary_2
D:8:      layout_rooms, kennysheep_dice, uniq_joseph

Skill      XL: |  1  2  3  4  5  6  7  8  9 |
---------------+----------------------------+-----
Fighting       | 2 3 4 5 6 |  6.5
Ranged Weapons | 6 7 8 9 11 13 14 | 14.6
Dodging        | |  2.4
Stealth        | |  1.2

Action                     |  1- 3 |  4- 6 |  7- 9 || total
---------------------------+-------+-------+-------++-------
   Fire: Shortbow          |   102 |   128 |   476 ||   706
    Use: Scroll            |       |    13 |     8 ||    21
         Potion            |       |       |     6 ||     6
 Armour: Leather armour    |    12 |    32 |    44 ||    88
         Acid dragon scale |       |       |    62 ||    62
         Skin              |       |       |    19 ||    19
  Dodge: Dodged            |    23 |    21 |   124 ||   168
